 Dungeon Crawl Stone Soup version 0.24.0-2-g5b39cebb1c (webtiles) character file.

Game seed: 3426227584368641556, levelgen mode: deterministic

692376 Amplified the Slayer (level 27, 0/235 HPs)
             Began as a Formicid Arcane Marksman on Oct 28, 2019.
             Was the Champion of Okawaru.
             Slain by an Executioner (5 damage)
             ... on level 5 of the Depths on Oct 29, 2019.
             The game lasted 03:07:09 (71690 turns).

Amplified the Slayer (Formicid Arcane Marksman)    Turns: 71690, Time: 03:07:09

Health: 0/235      AC: 31    Str: 30 (32) XL:     27
Magic:  27/42      EV: 21    Int: 14 (15) God:    Okawaru [******]
Gold:   3695       SH: 26    Dex: 16      Spells: 6/56 levels left

rFire    + . .     SeeInvis +   y - +9 lajatang (freeze)
rCold    + + .     Gourm    .   c - +4 large shield {reflect}
rNeg     + + +     Faith    .   t - +6 shadow dragon scales of the Moon {rPois rCorr Stlth++++}
rPois    +         Spirit   .   (helmet unavailable)
rElec    +         Reflect  +   w - scarf {rC+ rF+}
rCorr    +         Harm     .   H - +1 pair of gloves "Myus Ynele" {+Fly rPois Str+5}
MR       +++++     Clarity  +   R - +0 pair of boots "Qialoph" {rC+ MR+ rCorr}
Stlth    ++++++++..             b - amulet of the Four Winds {rN+ MR+++ Clar}
HPRegen  0.89/turn              D - ring "Xaphoha" {rF- rN++ Slay+5}
MPRegen  0.28/turn              T - ring of the Thoughtful Demons {rElec rF+ Str+3 Dex+3}

@: finesse, weakened, very slightly contaminated, studying Invocations
A: permanent stasis, dig shafts and tunnels, four strong arms, antennae 3,
talons 1, molten scales 1, deterioration 2, regeneration 1, subdued magic 2
}: 4/15 runes: serpentine, barnacled, silver, abyssal
a: Dig, Shaft Self, Heroism, Finesse, Renounce Religion, Evoke Flight


You were on level 5 of the Depths.
You worshipped Okawaru.
Okawaru was exalted by your worship.
You were not hungry.

You visited 12 branches of the dungeon, and saw 58 of its levels.
You visited the Abyss 1 time.
You visited 1 ziggurat, and saw 7 of its levels.
You also visited: Gauntlet and Wizlab.

You collected 7866 gold pieces.
You spent 4171 gold pieces at shops.

Inventory:

Hand Weapons
 h - the +9 broad axe of Xiozel {venom, MR++}
   (You found it on level 6 of a ziggurat)

   It poisons the flesh of those it strikes.
   It affects your resistance to hostile enchantments.
 n - the +9 dire flail of the Ghost {holy, MR+ Int+6}
   (You found it on level 4 of the Depths)

   It has been blessed by the Shining One to cause great damage to the undead
   and demons.
   It affects your intelligence (+6).
   It affects your resistance to hostile enchantments.
 o - the +18 lance "Wyrmbane" {slay drac, rPois rF+ rC+ AC+3}
   (You found it on level 3 of the Depths)

   It affects your AC (+3).
   It protects you from fire.
   It protects you from cold.
   It protects you from poison.
 y - a +9 lajatang of freezing (weapon)
 C - a +9 executioner's axe of freezing
Missiles
 s - 6 curare-tipped darts (quivered)
 z - 12 throwing nets
Armour
 c - a +4 large shield of reflection (worn)
 j - a +3 shield of cold resistance
 t - the +6 shadow dragon scales of the Moon (worn) {rPois rCorr Stlth++++}
   (Okawaru gifted it to you on level 3 of the Vaults)

   It protects you from poison.
   It provides partial protection from all sources of acid and corrosion.
   It makes you much more stealthy.
 w - a scarf of resistance (worn)
 H - the +1 pair of gloves "Myus Ynele" (worn) {+Fly rPois Str+5}
   (You found it on level 3 of the Realm of Zot)

   It affects your strength (+5).
   It protects you from poison.
   It lets you fly.
 Q - a +2 pair of boots of flying
 R - the +0 pair of boots "Qialoph" (worn) {rC+ MR+ rCorr}
   (Okawaru gifted it to you on level 3 of the Realm of Zot)

   It protects you from cold.
   It affects your resistance to hostile enchantments.
   It provides partial protection from all sources of acid and corrosion.
 S - the cursed +0 pair of boots of Bouggy {rElec}
   (You found it on level 4 of the Depths)

   It insulates you from electricity.
   It has a curse placed upon it.
 U - the +8 orange crystal plate armour {Archmagi, Int+3 Clar}
   (You found it on level 1 of the Realm of Zot)

   It affects your intelligence (+3).
   It protects you against confusion.
Jewellery
 b - the amulet of the Four Winds (around neck) {rN+ MR+++ Clar}
   (You took it off a frost giant on level 2 of the Depths)

   [amulet of nothing]

   It protects you from negative energy.
   It affects your resistance to hostile enchantments.
   It protects you against confusion.
 B - the brooch of Shielding {Reflect SH+8}
   (You found it in a wizard's laboratory)

   [amulet of reflection]

   It shields you and reflects attacks.
   It affects your SH (+8).
 D - the ring "Xaphoha" (left hand) {rF- rN++ Slay+5}
   (You found it in a Gauntlet)

   [ring of slaying]

   It affects your accuracy and damage with ranged weapons and melee attacks
   (+5).
   It makes you vulnerable to fire.
   It greatly protects you from negative energy.
 M - an uncursed ring of resist corrosion
 T - the ring of the Thoughtful Demons (right hand) {rElec rF+ Str+3 Dex+3}
   (You found it on level 5 of the Vaults)

   [ring of protection from fire]

   It affects your strength (+3).
   It affects your dexterity (+3).
   It protects you from fire.
   It insulates you from electricity.
 X - the amulet "Taroikul" {RegenMP rPois rF++ MP+9}
   (You took it off a spriggan air mage on level 1 of the Depths)

   [amulet of magic regeneration]

   It increases your magic regeneration.
   It greatly protects you from fire.
   It protects you from poison.
   It affects your magic capacity (+9).
 Z - the ring "Kataek" {rC- rN++ MR++ Str+2}
   (You found it in a Gauntlet)

   [ring of strength]

   It affects your strength (+2).
   It makes you vulnerable to cold.
   It greatly protects you from negative energy.
   It affects your resistance to hostile enchantments.
Wands
 e - a wand of digging (15)
 k - a wand of acid (3)
 m - a wand of clouds (3)
 J - a wand of scattershot (9)
Scrolls
 d - a scroll of enchant weapon
 p - 23 scrolls of remove curse
 r - 2 scrolls of magic mapping
 A - 5 scrolls of amnesia
 V - 2 scrolls of silence
 W - a scroll of fog
Potions
 g - 5 potions of magic
 l - 7 potions of brilliance
 u - 11 potions of curing
 G - 3 potions of mutation
 K - 5 potions of ambrosia
 N - 2 potions of cancellation
 Y - a potion of might
Books
 E - a manual of Invocations
Miscellaneous
 a - 2 phantom mirrors
 q - a lamp of fire
Comestibles
 f - 66 rations


   Skills:
 + Level 23.1 Fighting
 - Level 4.4(12.4) Axes
 - Level 14.6(16.1) Maces & Flails
 - Level 10.7(12.9) Polearms
 - Level 11.2(15.5) Staves
   Level 3.7 Crossbows
 * Level 18.3 Armour
 * Level 17.9 Dodging
 - Level 19.3 Stealth
 - Level 15.4 Shields
 - Level 15.4 Spellcasting
 - Level 0.4 Conjurations
 - Level 16.1 Hexes
 - Level 7.3 Charms
 - Level 2.6 Necromancy
 - Level 11.1 Transmutations
   Level 0.4 Ice Magic
 - Level 1.7 Air Magic
 - Level 12.0 Earth Magic
 * Level 17.0 Invocations


You had 6 spell levels left.
You knew the following spells:

 Your Spells              Type           Power        Failure   Level  Hunger
a - Regeneration          Chrm/Necr      ###.......   3%          3    None
b - Slow                  Hex            ####....     0%          2    None
c - Spectral Weapon       Hex/Chrm       ####....     1%          3    None
d - Passwall              Tmut/Erth      ####....     1%          2    None
e - Statue Form           Tmut/Erth      ####.....    16%         6    ######.
f - Iron Shot             Conj/Erth      ###.......   85%         6    ######.
g - Invisibility          Hex            ####....     1%          6    ######.
h - Confusing Touch       Hex            ####..       0%          1    None
i - Silence               Hex/Air        ###.......   8%          5    ####...
j - Darkness              Hex            ####......   1%          6    ######.
k - Borgnjor's Vile Clut  Necr/Erth      ###.......   16%         5    ####...
l - Summon Forest         Summ/Tloc      #.........   99%         5    ####...

Your spell library contained the following spells:

 Spells                   Type           Power        Failure   Level  Hunger
 Corona                   Hex            ####...      0%          1    None
 Confuse                  Hex            ####....     0%          3    None
 Tukima's Dance           Hex            ####....     0%          3    None
 Beastly Appendage        Tmut           ####..       1%          1    None
 Infusion                 Chrm           ###.         1%          1    None
 Sandblast                Erth           ####..       1%          1    None
 Ensorcelled Hibernation  Hex/Ice        ###...       1%          2    None
 Song of Slaying          Chrm           ###.....     1%          2    None
 Sticks to Snakes         Tmut           ####....     1%          2    None
 Dazzling Spray           Conj/Hex       ###...       1%          3    None
 Inner Flame              Hex/Fire       ###.....     1%          3    None
 Portal Projectile        Hex/Tloc       ###...       1%          3    None
 Stone Arrow              Conj/Erth      ###...       1%          3    None
 Summon Guardian Golem    Hex/Summ       ###.....     1%          3    None
 Cause Fear               Hex            ####......   1%          4    ##.....
 Leda's Liquefaction      Hex/Erth       ####......   1%          4    ##.....
 Petrify                  Tmut/Erth      ####....     1%          4    ##.....
 Lee's Rapid Deconstruct  Erth           ####......   1%          5    ####...
 Yara's Violent Unravell  Hex/Tmut       ####......   1%          5    ####...
 Swiftness                Chrm/Air       ##......     2%          2    None
 Spider Form              Tmut/Pois      ###.......   2%          3    None
 Blade Hands              Tmut           ####......   2%          5    ####...
 Shroud of Golubria       Chrm/Tloc      ##....       3%          2    None
 Fulminant Prism          Conj/Hex       ###.......   3%          4    ##.....
 Corpse Rot               Necr           N/A          5%          2    None
 Shock                    Conj/Air       #...         7%          1    None
 Ignite Poison            Fire/Tmut/Pois ##......     7%          3    None
 Magic Dart               Conj           #...         10%         1    None
 Flame Tongue             Conj/Fire      #....        11%         1    None
 Sting                    Conj/Pois      #...         11%         1    None
 Ice Form                 Ice/Tmut       ###.....     11%         4    ##.....
 Metabolic Englaciation   Hex/Ice        ###.......   11%         5    ####...
 Apportation              Tloc           #.....       12%         1    None
 Summon Butterflies       Summ           #.......     12%         1    None
 Poisonous Vapours        Pois/Air       #.....       13%         2    None
 Searing Ray              Conj           #.....       16%         2    None
 Throw Flame              Conj/Fire      #.....       17%         2    None
 Call Imp                 Summ           #.......     19%         2    None
 Hydra Form               Tmut           ####......   19%         6    ######.
 Static Discharge         Conj/Air       #.......     24%         3    None
 Mephitic Cloud           Conj/Pois/Air  #.......     28%         3    None
 Conjure Flame            Conj/Fire      #.......     34%         3    None
 Alistair's Intoxication  Tmut/Pois      ###.....     34%         5    ####...
 Call Canine Familiar     Summ           #.......     36%         3    None
 Gell's Gravitas          Tloc           #.........   36%         3    None
 Lesser Beckoning         Tloc           #.........   36%         3    None
 Recall                   Summ/Tloc      N/A          36%         3    None
 Animate Dead             Necr           N/A          41%         4    ##.....
 Airstrike                Air            #.........   54%         4    ##.....
 Bolt of Magma            Conj/Fire/Erth ##........   54%         5    ####...
 Iskenderun's Battlesphe  Conj/Chrm      ##......     58%         5    ####...
 Iskenderun's Mystic Bla  Conj           #.......     73%         4    ##.....
 Force Lance              Conj/Tloc      #.......     77%         4    ##.....
 Sticky Flame             Conj/Fire      #.......     77%         4    ##.....
 Summon Ice Beast         Ice/Summ       #.......     77%         4    ##.....
 Agony                    Necr           ##......     78%         5    ####...
 Dispel Undead            Necr           ##......     78%         5    ####...
 Olgreb's Toxic Radiance  Pois           #.......     80%         4    ##.....
 Passage of Golubria      Tloc           N/A          80%         4    ##.....
 Bolt of Draining         Conj/Necr      #.........   90%         5    ####...
 Lightning Bolt           Conj/Air       #.........   94%         5    ####...
 Fireball                 Conj/Fire      #.........   98%         5    ####...
 Venom Bolt               Conj/Pois      #.........   98%         5    ####...
 Summon Demon             Summ           #.........   99%         5    ####...
 Bolt of Cold             Conj/Ice       #.........   100%        6    ######.
 Bolt of Fire             Conj/Fire      #.........   100%        6    ######.
 Death Channel            Necr           ##........   100%        6    ######.
 Freezing Cloud           Conj/Ice/Air   #.........   100%        6    ######.
 Ozocubu's Refrigeration  Ice            #.........   100%        6    ######.
 Shadow Creatures         Summ           N/A          100%        6    ######.
 Simulacrum               Ice/Necr       #.........   100%        6    ######.
 Haunt                    Necr/Summ      #.........   100%        7    #######
 Malign Gateway           Summ/Tloc      #.........   100%        7    #######
 Orb of Destruction       Conj           #.........   100%        7    #######
 Ring of Flames           Chrm/Fire      ##........   100%        7    #######
 Spellforged Servitor     Conj/Summ      #.........   100%        7    #######
 Summon Hydra             Summ           #.........   100%        7    #######
 Disjunction              Tloc           #.........   100%        8    #######
 Dragon's Call            Summ           #.........   100%        9    #######
 Shatter                  Erth           ####......   100%        9    #######
 Blink                    Tloc           Unusable     N/A         2    N/A
 Controlled Blink         Tloc           Unusable     N/A         8    N/A

Dungeon Overview and Level Annotations

Branches:
Dungeon (15/15)            Temple (1/1) D:5            Lair (6/6) D:8
 Shoals (4/4) Lair:4        Snake (4/4) Lair:2        Slime (5/5) Lair:5
    Orc (2/2) D:9             Elf (3/3) Orc:2        Vaults (5/5) D:14
  Crypt (3/3) Vaults:2       Tomb (0/3) Crypt:3      Depths (5/5) D:15
    Zot (5/5) Depths:5     WizLab (visited)         Gauntlet (visited)

Altars:
Ashenzari
Cheibriados
Dithmenos
Elyvilon
Fedhas
Gozag
Hepliaklqana
Kikubaaqudgha
Makhleb
Nemelex Xobeh
Okawaru
Qazlal
Ru
Sif Muna
Trog
Uskayaw
Vehumet
Wu Jian
Xom
Yredelemnul
Zin
The Shining One
Beogh
Jiyva

Shops:
D:5 *   D:7 ((   D:12 !   D:15 (   Orc:1 ?   Orc:2 [*(   Elf:2 =}=   Vaults:3 :
Depths:3 [

Portals:
Hell: Depths:1 Depths:2 Depths:3 Depths:4 Depths:5
Abyss: Depths:2 Depths:3 Depths:4
Pandemonium: Depths:2 Depths:3

Annotations:
Slime:4 Plan meticulous escape, wait a few turns for Slime to pass, or just Shatter
Slime:5 Royal Jelly
Orc:1 Careful progress, always orcs
Crypt:1 Vaults. Supercareful, consider mass immolation weapons.
Crypt:2 The tunnels, ant, the tunnels
Depths:1 Crypt, Elf, Vaults, Slime, Clear.
Zot:3 23 runed doors


Innate Abilities, Weirdness & Mutations

You cannot be hasted, slowed, berserked, paralysed or teleported.
You can dig through walls and to a lower floor.
Your four strong arms can wield two-handed weapons with a shield.
You have a pair of large antennae on your head. (SInv)
You have sharp toenails.
You are partially covered in molten scales. (AC +2)
Your body often deteriorates upon taking damage.
Your natural rate of healing is unusually fast.
Your spells are easier to cast, but less powerful.


Message History

Unknown command.
You slice the Brimstone Fiend!! You freeze the Brimstone Fiend.
You kill the Brimstone Fiend!
Okawaru accepts your kill.
Your Invocations skill increases to level 17!
You block the Executioner's attack. The Executioner hits you.
* * * LOW HITPOINT WARNING * * *
You feel your attacks grow feeble. You block the Executioner's attack.
You feel better. You block the Executioner's attack. x3
Boklaafa barely misses you.
The Executioner hits you but does no damage.
You block the Executioner's attack.
The Executioner hits you but does no damage.
Boklaafa sneers, "Disclaim thyself, thou dankish knotty-pated dandiprat!"
Boklaafa hits you!
* * * LOW HITPOINT WARNING * * *
You feel as though you will be weak longer.
The Executioner hits you.
You die...

#####..##.^.....[[####
#..................##.
#................#.##.
#................#.#..
#..........#####.#...#
#....#...#.#####.#..##
#..#####.........#..#.
##..#.............#..'#
#..##[@1##........#....
##..#&..#..#......#....
#..#####.........#####
#....#...##......#
####...####......#
##### #......#
#......#####
#...........
############


You could see Boklaafa and an Executioner.

Vanquished Creatures
  An orb of fire (Zot:2)
  An ancient lich (Vaults:5)
  Sojobo (Depths:1)
  Bai Suzhen (Depths:1)
  Vashnia (Snake:4)
  2 curse toes
  Frederick (Vaults:3)
  Margery (Vaults:4)
  Xtahua (Depths:5)
  3 caustic shrikes
  5 golden dragons
  the Enchantress (Depths:1)
  A bone dragon (Depths:5)
  A Brimstone Fiend (Depths:5)
  2 electric golems
  A hellephant (Zig:1)
  15 tentacled monstrosities
  15 liches
  Asterion (Vaults:1)
  8 titans
  4 quicksilver dragons
  5 deep elf blademasters
  4 deep elf master archers (Elf:3)
  Agnes (D:14)
  9 ancient champions
  Kirke (D:15)
  3 sphinxes
  Gastronok (Lair:2)
  11 acid blobs
  14 shadow dragons
  12 death cobs
  Polyphemus (Shoals:3)
  3 tentacled starspawn
  The ghost of topfpfpflanze the Warrior, an adept CeNe of Makhleb (Shoals:4)
  9 storm dragons
  10 tengu reavers
  5 draconian monks
  Donald (Snake:4)
  10 nagarajas
  14 fire giants
  9 frost giants
  8 azure jellies
  7 revenants
  6 deep elf sorcerers
  3 orc warlords
  12 vault wardens
  7 draconian knights
  5 draconian scorchers
  An iron dragon (Vaults:5)
  8 deep elf elementalists
  4 draconian stormcallers
  2 curse skulls
  2 ghost moths
  Aizul (Snake:4)
  A cacodemon (Abyss:1)
  11 ghouls
  3 draconian annihilators
  Louise (Depths:4)
  3 war gargoyles
  An angel (Abyss:1)
  4 draconian shifters
  4 spriggan defenders
  The ghost of Mandevil the Unseen, an adept VSAs of Uskayaw (Snake:1)
  25 stone giants
  8 ironheart preservers
  3 reapers
  The ghost of Qeimiotua the Blocker, a journeyman MiFi of Okawaru (Lair:5)
  A corrupter (Zig:7)
  19 very ugly things
  Nessos (D:12)
  3 green draconians
  5 vampire knights
  9 purple draconians
  6 black draconians
  A dire elephant (Lair:6)
  9 red draconians
  A black sun (Zig:7)
  8 deep elf annihilators
  Azrael (D:15)
  A minotaur (Gauntlet)
  8 spark wasps
  A lorocyproca (Abyss:1)
  3 deep elf demonologists
  6 white draconians
  9 yellow draconians
  16 ettins
  3 merfolk javelineers (Shoals:4)
  8 eidola
  The ghost of floatboth the Grappler, a journeyman TrBe of Trog (Lair:3)
  2 mummy priests
  A blizzard demon (Abyss:1)
  12 fire dragons
  14 deep elf death magi
  6 death oozes
  9 merfolk impalers
  8 great orbs of eyes
  6 jiangshi (Crypt:1)
  3 deep elf high priests (Elf:3)
  26 vault guards
  19 naga warriors
  15 yaktaur captains
  5 hydras
  10 ice dragons
  7 rakshasas
  Erolcha (D:13)
  4 merfolk avatars
  10 centaur warriors
  3 catoblepae
  5 spriggan air magi
  An alligator snapping turtle (Shoals:3)
  16 anacondas
  5 satyrs
  6 death knights
  58 two-headed ogres
  28 dancing weapons
  7 merfolk aquamancers (Shoals:4)
  4 tengu warriors
  9 death yaks
  6 deep troll earth magi
  A thrashing horror (Abyss:1)
  8 deep troll shamans
  17 ogre magi
  7 vampire magi
  5 shock serpents
  4 spriggan berserkers
  10 soul eaters
  Urug (D:11)
  A shock serpent (shapeshifter) (Depths:5)
  16 naga sharpshooters
  20 deep elf knights
  17 hell knights
  4 orc high priests
  Sonja (D:10)
  A titan skeleton (Crypt:1)
  3 wretched stars
  4 sun demons
  12 skeletal warriors
  6 iron trolls
  2 shadow wraiths (Crypt:2)
  4 salamander mystics
  18 deep trolls
  A death drake (Gauntlet)
  6 sea snakes
  10 flayed ghosts
  A quicksilver dragon simulacrum (Crypt:3)
  An iron troll (shapeshifter) (Vaults:5)
  8 glowing orange brains
  7 wizards
  4 starcursed masses (Abyss:1)
  An obsidian statue (Depths:1)
  2 lindwurms (shapeshifter)
  2 unseen horrors
  24 deep elf archers
  38 harpies
  A gelid demonspawn (Depths:2)
  A kraken simulacrum (Shoals:4)
  7 naga ritualists
  A shadow dragon zombie (Crypt:1)
  2 shadow demons
  17 phantasmal warriors
  63 ugly things
  12 necromancers
  13 ironbrand convokers
  11 mana vipers
  An iron dragon zombie (Crypt:3)
  59 deep elf magi
  5 wolf spiders
  23 orc knights
  5 shining eyes
  2 wolf spider zombies
  4 oklob plants (Lair:3)
  8 fauns
  10 orc sorcerers
  9 salamanders
  6 cyclopes
  14 manticores
  2 frost giant zombies
  2 spectral centaurs (Gauntlet)
  A worldbinder (Abyss:3)
  A human skeleton (Vaults:1)
  50 black mambas
  11 moths of wrath
  A manticore (shapeshifter) (D:13)
  A shock serpent zombie (Crypt:3)
  A dire elephant zombie (Crypt:1)
  7 merfolk sirens
  12 vault sentinels
  20 guardian serpents
  4 centaur zombies
  A molten gargoyle (Depths:4)
  2 black mambas (shapeshifter)
  3 eyes of devastation
  3 gargoyles
  19 naga magi
  6 elephants
  3 rust devils
  3 smoke demons (Abyss:1)
  2 spiny frogs (shapeshifter)
  7 water nymphs
  A torpor snail (Lair:6)
  7 centaur skeletons
  10 large abominations
  5 orange demons
  14 spiny frogs
  A hellion (Depths:3)
  A shock serpent skeleton (Crypt:3)
  8 komodo dragons
  2 rime drakes (Lair:5)
  A death yak zombie (Crypt:1)
  11 freezing wraiths
  A komodo dragon (shapeshifter) (Depths:4)
  52 yaktaurs
  3 guardian mummies (Crypt:3)
  A rime drake (shapeshifter) (Depths:3)
  4 tormentors
  2 efreet (D:15)
  A red devil (Depths:3)
  6 tengu conjurers
  2 ice devils
  2 hellwings (Abyss:1)
  A red draconian skeleton (Crypt:1)
  3 ancient zymes
  A troll (shapeshifter) (Depths:4)
  A yaktaur skeleton (Vaults:1)
  A hydra zombie (Abyss:1)
  2 redback zombies
  38 merfolk
  A polar bear (Lair:6)
  A merfolk (shapeshifter) (Depths:5)
  3 queen bees
  7 trolls
  Prince Ribbit (D:8)
  10 blink frogs
  7 meliai
  3 wind drakes
  12 hornets
  2 raiju (Abyss:1)
  10 snapping turtles
  109 slime creatures
  2 human simulacra (Vaults:1)
  2 jumping spider zombies
  9 hippogriffs
  7 bog bodies (Crypt:2)
  An iron dragon simulacrum (Crypt:1)
  An ice dragon zombie (WizLab)
  A fire giant simulacrum (Abyss:1)
  14 flying skulls (Crypt:1)
  A meliai zombie (Gauntlet)
  3 air elementals (Elf:1)
  14 wraiths
  10 spriggans
  4 ynoxinuls (Abyss:1)
  3 shadows
  14 water elementals
  A centaur simulacrum (D:15)
  A black mamba zombie (Crypt:1)
  2 spriggans (shapeshifter)
  4 wyverns
  7 fire elementals
  2 fire dragon skeletons
  A basilisk (Lair:6)
  A fire bat (shapeshifter) (Depths:3)
  A hog (shapeshifter) (Elf:2)
  19 humans (D:14)
  15 yaks
  6 neqoxecs
  4 hogs (D:15)
  3 fire bats (Abyss:3)
  A golden eye (shapeshifter) (Abyss:1)
  A steam dragon (D:8)
  10 golden eyes
  10 chaos spawn
  13 insubstantial wisps (Elf:1)
  A soldier ant (D:15)
  8 wargs
  A gelid demonspawn zombie (Crypt:3)
  2 acid dragons
  54 nagas
  14 water moccasins
  An infernal demonspawn zombie (Crypt:3)
  A spiny frog zombie (Crypt:3)
  9 porcupines
  A floating eye (D:8)
  2 hell hounds (D:15)
  A gelid demonspawn skeleton (Crypt:2)
  4 ice beasts
  5 black bears
  3 sky beasts
  A lindwurm zombie (Crypt:1)
  5 necrophages
  4 phantoms
  58 orc warriors
  8 eyes of draining
  An ice dragon simulacrum (Crypt:3)
  20 boggarts
  37 ogres
  9 wolves
  33 centaurs
  12 crocodiles
  A dream sheep skeleton (Crypt:3)
  An elf zombie (Crypt:2)
  3 big kobolds
  12 bullfrogs
  Blork the orc (Orc:2)
  A cyclops zombie (Crypt:1)
  2 earth elementals
  A water moccasin zombie (D:6)
  A draconian skeleton (Crypt:2)
  A komodo dragon skeleton (Crypt:2)
  10 small abominations (Abyss:1)
  4 scorpions
  The ghost of ChadusMaximus the Chopper, a weakling MiBe of Trog (D:3)
  47 killer bees
  A snapping turtle simulacrum (Crypt:1)
  2 shapeshifter zombies
  A vampire bat (Orc:1)
  4 wights (D:13)
  A howler monkey (shapeshifter) (Depths:1)
  3 bullfrog zombies
  2 wolf skeletons (Crypt:2)
  12 crimson imps
  8 howler monkeys
  5 lava snakes (Snake:1)
  A human zombie (Crypt:1)
  4 quasits
  6 jellies
  3 hounds
  25 orc wizards
  A bullfrog skeleton (D:9)
  6 iron imps
  25 orc priests
  9 iguanas
  A black bear skeleton (Crypt:3)
  17 hell rats
  Ijyb (D:3)
  2 basilisk skeletons (Crypt:3)
  8 worker ants
  5 yak simulacra (Lair:4)
  4 wolf simulacra (Lair:4)
  6 mummies (Crypt:3)
  A hound skeleton (D:7)
  A hound zombie (Crypt:1)
  A howler monkey zombie (D:10)
  A worker ant zombie (D:8)
  3 gnolls (D:3)
  10 adders
  A howler monkey skeleton (D:4)
  16 shadow imps
  10 white imps
  6 ufetubi
  An ooze (D:2)
  An adder skeleton (D:4)
  An adder zombie (D:7)
  An iguana skeleton (Crypt:2)
  2 worms
  A dart slug (D:4)
  5 leopard geckos
  101 orcs
  5 giant cockroaches
  13 goblins
  6 hobgoblins
  25 jackals
  31 kobolds
  2 quokkas
  13 bats
  4 frilled lizards
  A giant cockroach zombie (D:5)
  A gnoll zombie (Crypt:1)
  2 goblin zombies (D:8)
  A leopard gecko skeleton (D:4)
  A quokka zombie (D:6)
  6 rats
  2 river rat simulacra (Lair:4)
  2 river rat skeletons
  A river rat zombie (Crypt:3)
  A fungus (Lair:4)
  5 plants (Lair:3)
  A spectral weapon (Slime:5)
  4 starspawn tentacles
  A tentacle (Shoals:4)
2823 creatures vanquished.

Vanquished Creatures (collateral kills)
  A yak (D:13)
  A killer bee (D:8)
2 creatures vanquished.

Vanquished Creatures (others)
  2 fire giants
  A draconian knight (Zot:4)
  A deep elf high priest (Vaults:5)
  A dancing weapon (Elf:1)
  3 deep elf magi (Elf:2)
  A yaktaur (Vaults:5)
  A hippogriff (D:15)
  A fire bat (Abyss:3)
  A warg (shapeshifter) (Vaults:5)
  An ufetubus (Abyss:1)
  2 fungi
  A lurking horror (Abyss:1)
  17 plants
  27 spectral weapons
  12 starspawn tentacles
  4 tentacles (Shoals:4)
  23 withered plants (Gauntlet)
99 creatures vanquished.

Grand Total: 2924 creatures vanquished

Notes
Turn   | Place    | Note
-------+----------+-------------------------------------------
     0 | D:1      | Amplified the Formicid Arcane Marksman began the quest for
                  | the Orb.
     0 | D:1      | Reached XP level 1. HP: 15/15 MP: 2/2
    94 | D:1      | Reached XP level 2. HP: 21/21 MP: 3/3
   478 | D:1      | Reached XP level 3. HP: 27/27 MP: 4/4
   840 | D:2      | Reached skill level 2 in Fighting
  1114 | D:2      | Reached skill level 1 in Maces & Flails
  1223 | D:2      | Found a shimmering blue altar of Sif Muna.
  1301 | D:3      | Found a shattered altar of Ashenzari.
  1354 | D:3      | Reached XP level 4. HP: 33/33 MP: 5/5
  1461 | D:3      | Found a transporter.
  1461 | D:3      | Noticed ChadusMaximus's ghost (weakling MiBe)
  1485 | D:3      | Found a transporter.
  1988 | D:3      | Learned a level 2 spell: Slow
  2068 | D:3      | Reached XP level 5. HP: 39/39 MP: 6/6
  2432 | D:3      | Noticed Ijyb
  2484 | D:3      | Killed Ijyb
  2534 | D:3      | Reached skill level 3 in Fighting
  2824 | D:4      | Noticed an ogre
  2873 | D:4      | You fall into a shaft and drop 1 floor!
  2873 | D:5      | Entered Level 5 of the Dungeon
  2873 | D:5      | Noticed an ice beast
  2875 | D:5      | Noticed Grinder
  2882 | D:5      | You fall into a shaft and drop 3 floors!
  2882 | D:8      | Noticed a hippogriff
  2884 | D:8      | Noticed a floating eye
  2884 | D:8      | a hippogriff changed into a floating eye
  2886 | D:8      | Killed a floating eye
  2886 | D:8      | Reached skill level 1 in Armour
  2886 | D:8      | Reached XP level 6. HP: 14/47 MP: 7/7
  3055 | D:8      | Found a staircase to the Lair.
  3169 | D:6      | Reached XP level 7. HP: 52/53 MP: 8/8
  3402 | D:5      | Found a shadowy altar of Dithmenos.
  3413 | D:5      | Reached skill level 4 in Fighting
  3544 | D:5      | Noticed Grinder
  3544 | D:5      | Grinder changed into Grinder the ufetubus
  3546 | D:5      | Killed Grinder the ufetubus
  3582 | D:5      | Found a staircase to the Ecumenical Temple.
  3591 | Temple   | Entered the Ecumenical Temple
  3698 | Temple   | Became a worshipper of Warmaster Okawaru
  3750 | D:5      | Reached XP level 8. HP: 61/61 MP: 9/9
  3784 | D:5      | Reached skill level 5 in Fighting
  3799 | D:5      | Found a shimmering altar of Xom.
  3831 | D:5      | Found Ofofyxow's Assorted Antiques.
  3834 | D:5      | Bought a scroll labeled YSUWIG IJAN for 30 gold pieces
  3834 | D:5      | Bought a purple potion for 27 gold pieces
  4267 | D:6      | Reached skill level 1 in Invocations
  4347 | D:6      | Reached * piety under Okawaru
  4347 | D:6      | Reached skill level 5 in Maces & Flails
  4448 | D:6      | Reached skill level 6 in Fighting
  4947 | D:6      | Reached XP level 9. HP: 69/69 MP: 11/11
  5280 | D:7      | Found Siwnopp's Antique Weapon Shoppe.
  5404 | D:7      | Found Niach's Antique Weapon Emporium.
  5448 | D:7      | Bought a crude morningstar for 270 gold pieces
  5449 | D:7      | Identified the +8 morningstar "Uppuuhas" {drain, Int+2}
                  | (You bought it in a shop on level 7 of the Dungeon)
  5557 | D:7      | Reached skill level 5 in Armour
  5804 | D:8      | Reached ** piety under Okawaru
  5804 | D:8      | Reached skill level 7 in Fighting
  6145 | D:8      | Noticed Prince Ribbit
  6162 | D:8      | Killed Prince Ribbit
  6268 | D:8      | Reached skill level 8 in Fighting
  6280 | D:8      | Reached XP level 10. HP: 53/80 MP: 9/12
  6321 | D:9      | HP: 2/80 [bullfrog (5)]
  6327 | D:9      | HP: 1/80 [poisoned by a killer bee]
  6332 | D:9      | HP: 1/80 [poisoned by a killer bee]
  6778 | D:9      | Reached skill level 1 in Shields
  7146 | D:9      | Reached *** piety under Okawaru
  7146 | D:9      | Reached skill level 9 in Fighting
  7155 | D:9      | Found a staircase to the Orcish Mines.
  7353 | D:10     | Entered Level 10 of the Dungeon
  7353 | D:10     | Noticed a two-headed ogre
  7408 | D:10     | Noticed Sonja
  7637 | Orc:1    | Entered Level 1 of the Orcish Mines
  7754 | Orc:1    | Noticed an orc warlord
  7900 | D:8      | Reached **** piety under Okawaru
  8408 | D:11     | Noticed a gargoyle
  8421 | D:11     | Killed a gargoyle
  8421 | D:11     | Reached XP level 11. HP: 77/89 MP: 10/13
  8884 | D:11     | Noticed Urug
  8908 | D:11     | Killed Urug
  8908 | D:11     | Reached ***** piety under Okawaru
  8990 | D:11     | Noticed a green ugly thing
  9002 | D:11     | Killed a green ugly thing
  9002 | D:11     | Reached skill level 1 in Axes
  9229 | D:11     | Noticed a cyclops
  9244 | D:11     | Received a gift from Okawaru
  9252 | D:11     | Killed a cyclops
  9252 | D:11     | Reached skill level 10 in Fighting
  9258 | D:11     | Got a dazzling ring mail {god gift}
  9289 | D:11     | Identified the +2 ring mail of Xaleri {Int+4} (Okawaru
                  | gifted it to you on level 11 of the Dungeon)
  9389 | D:12     | Noticed a two-headed ogre
  9400 | D:12     | Killed a two-headed ogre
  9492 | D:12     | Noticed a cyclops
  9504 | D:12     | Killed a cyclops
  9504 | D:12     | Reached skill level 5 in Dodging
  9544 | D:12     | Found Morugh's Distillery.
  9794 | D:12     | Noticed a deep elf mage
  9809 | D:12     | Killed a deep elf mage
  9906 | D:12     | Noticed Nessos
  9918 | D:12     | Killed Nessos
  9918 | D:12     | Reached XP level 12. HP: 72/96 MP: 11/14
 10188 | D:13     | Noticed a centaur warrior
 10299 | D:10     | Killed a two-headed ogre
 10735 | D:10     | Reached skill level 10 in Armour
 11887 | D:3      | Killed ChadusMaximus's ghost
 12045 | D:7      | Bought a crystal flail for 238 gold pieces
 12045 | D:7      | Identified the +5 flail "Rummage" {crush, rPois rF+ Stlth+}
                  | (You bought it in a shop on level 7 of the Dungeon)
 12164 | Lair:1   | Entered Level 1 of the Lair of Beasts
 12377 | Lair:1   | Reached skill level 10 in Maces & Flails
 12488 | Lair:1   | Received a gift from Okawaru
 12491 | Lair:1   | Got a smoking hunting sling {god gift}
 12492 | Lair:1   | Identified the +5 hunting sling of Raupedooca {velocity,
                  | rC- rN+ Str+2} (Okawaru gifted it to you on level 1 of the
                  | Lair of Beasts)
 13507 | Lair:2   | Noticed Gastronok
 13525 | Lair:2   | Reached skill level 11 in Fighting
 13525 | Lair:2   | Reached skill level 5 in Shields
 13525 | Lair:2   | Reached XP level 13. HP: 67/105 MP: 15/15
 13540 | Lair:2   | Killed Gastronok
 13686 | Lair:2   | Found a staircase to the Snake Pit.
 14763 | Lair:3   | Received a gift from Okawaru
 14894 | Lair:3   | Found a runed translucent door.
 14896 | Lair:3   | Noticed floatboth's ghost (journeyman TrBe)
 14897 | Lair:3   | Identified the +3 spear "Impslayer" {antimagic, rElec rF+}
 14947 | Lair:3   | Found a white marble altar of Elyvilon.
 15334 | Lair:4   | Noticed a five-headed hydra
 15343 | Lair:4   | Killed a five-headed hydra
 15439 | Lair:4   | Received a gift from Okawaru
 15688 | Lair:4   | Found a staircase to the Shoals.
 16468 | D:13     | Killed a centaur warrior
 16578 | D:13     | You are sucked into a shaft and drop 2 floors!
 16578 | D:15     | Entered Level 15 of the Dungeon
 16587 | D:15     | Noticed a centaur warrior
 16602 | D:15     | Noticed a centaur warrior
 16617 | D:15     | Killed a centaur warrior
 16619 | D:15     | Killed a centaur warrior
 16632 | D:15     | Reached skill level 12 in Fighting
 16846 | D:15     | Reached XP level 14. HP: 94/115 MP: 16/16
 17068 | D:15     | Received a gift from Okawaru
 17072 | D:15     | Noticed Azrael
 17096 | D:15     | Killed Azrael
 17429 | D:15     | Found a staircase to the Depths.
 17476 | D:15     | Found Joem's Weapon Shop.
 17491 | D:15     | Noticed Kirke
 17545 | D:15     | Reached skill level 13 in Fighting
 18379 | D:14     | Received a gift from Okawaru
 18784 | D:14     | Noticed Agnes
 18813 | D:14     | Killed Agnes
 18813 | D:14     | Reached XP level 15. HP: 124/124 MP: 17/17
 18834 | D:14     | Identified the +4 hand axe of the Equator {drain, rElec rF-
                  | MR++} (You found it on level 14 of the Dungeon)
 19011 | D:14     | Reached skill level 1 in Staves
 19102 | D:14     | Found a gate to the Vaults.
 19493 | D:13     | Received a gift from Okawaru
 19544 | D:13     | HP: 4/125 [spriggan (shapeshifter) (11)]
 19545 | D:13     | You are sucked into a shaft and drop 1 floor!
 20226 | Lair:5   | Reached skill level 14 in Fighting
 20263 | Lair:5   | Reached skill level 5 in Staves
 20267 | Lair:5   | Found a transporter.
 20269 | Lair:5   | Found a transporter.
 20499 | Lair:5   | Found a staircase to the Slime Pits.
 20500 | Lair:5   | Found a viscous altar of Jiyva.
 20704 | Lair:5   | Noticed Qeimiotua's ghost (journeyman MiFi)
 20977 | Lair:6   | Entered Level 6 of the Lair of Beasts
 21273 | Lair:6   | Got a spiked chain mail
 21300 | Lair:6   | Found a gate leading to a gauntlet.
 21325 | Gauntlet | Entered a Gauntlet
 21325 | Gauntlet | Found a transporter.
 21325 | Gauntlet | Found a transporter.
 21330 | Gauntlet | Found a transporter.
 21333 | Gauntlet | Found a transporter.
 21333 | Gauntlet | Found a transporter.
 21343 | Gauntlet | Found a transporter.
 21411 | Gauntlet | Found a transporter.
 21413 | Gauntlet | Found a large runed translucent door.
 21414 | Gauntlet | Found a large runed translucent door.
 21415 | Gauntlet | Found a large runed translucent door.
 21415 | Gauntlet | Found a large runed translucent door.
 21415 | Gauntlet | Found a runed translucent door.
 21415 | Gauntlet | Found a runed translucent door.
 21416 | Gauntlet | Found a large runed translucent door.
 21417 | Gauntlet | Found a large runed translucent door.
 21418 | Gauntlet | Found a large runed translucent door.
 21418 | Gauntlet | Found a large runed translucent door.
 21419 | Gauntlet | Found a runed translucent gate.
 21419 | Gauntlet | Found a runed translucent gate.
 21419 | Gauntlet | Found a runed translucent gate.
 21421 | Gauntlet | Found a transporter.
 21431 | Gauntlet | Found a large runed translucent door.
 21431 | Gauntlet | Found a large runed translucent door.
 21432 | Gauntlet | Found a large runed translucent door.
 21433 | Gauntlet | Found a large runed translucent door.
 21437 | Gauntlet | Found a transporter.
 21447 | Gauntlet | Found a transporter.
 21462 | Gauntlet | Found a transporter.
 21468 | Gauntlet | Found a transporter.
 21500 | Gauntlet | Found a large runed translucent door.
 21501 | Gauntlet | Found a large runed translucent door.
 21502 | Gauntlet | Found a large runed translucent door.
 21502 | Gauntlet | Found a large runed translucent door.
 21621 | Gauntlet | Identified the +3 chain mail "Riodeh" {rPois rN+ Dex-2}
                  | (You found it on level 6 of the Lair of Beasts)
 21648 | Gauntlet | Got an ancient turquoise ring
 21653 | Gauntlet | Identified the ring "Xaphoha" {rF- rN++ Slay+5} (You found
                  | it in a Gauntlet)
 21734 | Gauntlet | Identified the +7 dire flail "Dynic" {vamp, rPois Str+2
                  | Int-3 Dex+6}
 21747 | Gauntlet | Received a gift from Okawaru
 21760 | Gauntlet | Got a warped hand crossbow {god gift}
 21788 | Gauntlet | Got a scorched ring mail
 21790 | Gauntlet | Identified Sif Muna's Guide on Dislocated Creation
 21791 | Gauntlet | Got a heavily runed scale mail
 21796 | Gauntlet | Got a pitted copper ring
 21805 | Lair:6   | Identified the ring "Kataek" {rC- rN++ MR++ Str+2} (You
                  | found it in a Gauntlet)
 22045 | Lair:6   | Reached skill level 10 in Staves
 22045 | Lair:6   | Reached XP level 16. HP: 79/133 MP: 16/18
 22434 | Lair:6   | Received a gift from Okawaru
 22442 | Lair:6   | Found the +2 robe of Vines {NoPotionHeal Regen+7}
 22453 | Lair:6   | Got a spiked ring mail
 22459 | Lair:6   | Identified the +0 ring mail of Dyspraxia {MR+} (You found
                  | it on level 6 of the Lair of Beasts)
 22471 | Lair:6   | Identified the +2 ring mail "Xeappim" {rElec MR- Str-2
                  | Dex+5} (You found it in a Gauntlet)
 22482 | Lair:6   | Identified the +2 scale mail of the Trilobite {MR+ Regen+
                  | Dex+5} (You found it in a Gauntlet)
 23258 | Lair:2   | Identified the +1 hand crossbow "Grim Tooth" {velocity,
                  | +Inv rF+ rC+ Str+3} (Okawaru gifted it to you in a
                  | Gauntlet)
 23471 | Orc:1    | Found a roughly hewn altar of Beogh.
 23836 | Orc:2    | Entered Level 2 of the Orcish Mines
 24136 | Orc:1    | Found Heusofy's Magic Scroll Boutique.
 24168 | Orc:1    | Bought a scroll of magic mapping for 45 gold pieces
 24168 | Orc:1    | Bought a scroll of enchant weapon for 97 gold pieces
 24168 | Orc:1    | Bought a scroll of torment for 97 gold pieces
 24911 | Orc:2    | Found a roughly hewn altar of Beogh.
 24912 | Orc:2    | Noticed Blork the orc
 24934 | Orc:2    | Killed Blork the orc
 24987 | Orc:2    | Found Imaekaut's General Store.
 24999 | Orc:2    | Found Enwe's Antique Weapon Shoppe.
 25118 | Orc:2    | Bought a scroll of magic mapping for 49 gold pieces
 25138 | Orc:2    | Found a staircase to the Elven Halls.
 25175 | Orc:2    | Found a roughly hewn altar of Beogh.
 25361 | Orc:2    | Found Ylon's Antique Armour Shoppe.
 25367 | Orc:2    | Bought a bronze plate armour for 924 gold pieces
 25375 | Orc:2    | Found Kinuq's Jewellery Shoppe.
 25634 | Orc:2    | Bought a glowing shield for 247 gold pieces
 25668 | Orc:2    | Identified the +2 plate armour of the Iron Devil {rElec}
                  | (You bought it in a shop on level 2 of the Orcish Mines)
 25813 | Snake:1  | Entered Level 1 of the Snake Pit
 26076 | Snake:1  | Received a gift from Okawaru
 26519 | Snake:1  | Found a transporter.
 26522 | Snake:1  | Noticed Mandevil's ghost (adept VSAs)
 26523 | Snake:1  | Found a transporter.
 26823 | Snake:1  | Learned a level 3 spell: Spectral Weapon
 26972 | Snake:2  | Received a gift from Okawaru
 27020 | Snake:2  | Reached XP level 17. HP: 110/140 MP: 19/19
 27188 | Snake:2  | Received a gift from Okawaru
 27287 | Snake:2  | Reached skill level 15 in Fighting
 27544 | Snake:2  | Reached skill level 10 in Dodging
 27592 | Snake:2  | Found a blossoming altar of Fedhas.
 29531 | Snake:3  | Reached skill level 5 in Invocations
 29630 | Snake:3  | Received a gift from Okawaru
 30038 | Snake:4  | Entered Level 4 of the Snake Pit
 30102 | Snake:4  | Noticed Aizul
 30113 | Snake:4  | Killed Aizul
 30160 | Snake:4  | Reached XP level 18. HP: 151/151 MP: 23/23
 30188 | Snake:4  | Received a gift from Okawaru
 30191 | Snake:4  | Gained mutation: Your spells are a little harder to cast,
                  | but a little more powerful. [potion of mutation]
 30191 | Snake:4  | Gained mutation: You possess an exceptional clarity of
                  | mind. [potion of mutation]
 30234 | Snake:4  | Noticed Donald
 30257 | Snake:4  | Killed Donald
 30545 | Snake:4  | Reached skill level 16 in Fighting
 30613 | Snake:4  | Received a gift from Okawaru
 30751 | Snake:4  | Reached skill level 10 in Invocations
 30767 | Snake:4  | Noticed Vashnia
 30789 | Snake:4  | Killed Vashnia
 31425 | Snake:4  | Reached XP level 19. HP: 158/158 MP: 27/27
 31437 | Snake:4  | Got a serpentine rune of Zot
 31807 | Elf:1    | Entered Level 1 of the Elven Halls
 31993 | Elf:1    | Received a gift from Okawaru
 32145 | Elf:1    | Received a gift from Okawaru
 32194 | Elf:1    | Reached ****** piety under Okawaru
 32801 | Elf:1    | Identified the +6 battleaxe of Idwoc {chop, rElec Stlth+}
 33352 | Elf:2    | Found Jeish's Jewellery Shop.
 33352 | Elf:2    | Found Banoff's Gadget Shoppe.
 33354 | Elf:2    | Found Kampuod's Jewellery Shop.
 33469 | Elf:2    | Found a runed translucent gate.
 33469 | Elf:2    | Found a runed translucent gate.
 33470 | Elf:2    | Found a runed translucent gate.
 33591 | Elf:3    | Entered Level 3 of the Elven Halls
 33925 | Shoals:1 | Entered Level 1 of the Shoals
 33939 | Shoals:1 | Reached skill level 1 in Charms
 33987 | Shoals:1 | Reached skill level 5 in Hexes
 34610 | Shoals:1 | Reached skill level 17 in Fighting
 34612 | Shoals:1 | Reached XP level 20. HP: 168/168 MP: 30/30
 34862 | Shoals:2 | Received a gift from Okawaru
 35844 | Shoals:3 | Noticed Polyphemus
 35862 | Shoals:3 | Killed Polyphemus
 36249 | Shoals:3 | Received a gift from Okawaru
 36249 | Shoals:3 | Reached skill level 5 in Charms
 36689 | Shoals:4 | Entered Level 4 of the Shoals
 37002 | Shoals:4 | Got a spiked ring mail
 37176 | Shoals:4 | Got a barnacled rune of Zot
 37362 | Shoals:4 | Found a runed translucent door.
 37362 | Shoals:4 | Noticed topfpfpflanze's ghost (adept CeNe)
 37401 | Shoals:4 | Killed topfpfpflanze's ghost
 37844 | Shoals:4 | Identified the +4 ring mail of Panentheism {+Blink +Fly rF-
                  | Int+2} (You found it on level 4 of the Shoals)
 38313 | D:13     | Reached XP level 21. HP: 175/175 MP: 32/32
 38339 | D:13     | Reached skill level 15 in Invocations
 38498 | D:13     | Noticed Erolcha
 38504 | D:13     | Killed Erolcha
 38609 | D:13     | Received a gift from Okawaru
 38612 | D:13     | Identified the +5 scale mail of Disguise {rElec MP+9 Str+2
                  | Int-4} (Okawaru gifted it to you on level 13 of the
                  | Dungeon)
 39045 | Elf:2    | Bought the amulet "Mebunoha" {Faith rElec Dex+7} for 1167
                  | gold pieces
 40612 | Vaults:1 | Entered Level 1 of the Vaults
 40689 | Depths:1 | Entered Level 1 of the Depths
 40711 | Depths:1 | Reached skill level 5 in Spellcasting
 41010 | Depths:1 | Received a gift from Okawaru
 41019 | Depths:1 | Found a gateway to Hell.
 41146 | Depths:1 | Found a magical portal.
 41179 | WizLab   | Found the brooch of Shielding {Reflect SH+8}
 41358 | Depths:1 | Reached skill level 10 in Shields
 41385 | Depths:1 | Noticed the Enchantress
 41398 | Depths:1 | Killed the Enchantress
 41398 | Depths:1 | Reached skill level 18 in Fighting
 41430 | Depths:1 | Received a gift from Okawaru
 41552 | Depths:1 | Learned a level 3 spell: Regeneration
 41764 | Depths:1 | Noticed Bai Suzhen
 41782 | Depths:1 | Killed Bai Suzhen
 41800 | Depths:1 | Identified the amulet "Taroikul" {RegenMP rPois rF++ MP+9}
 41925 | Depths:1 | Reached XP level 22. HP: 184/184 MP: 33/33
 42041 | Depths:1 | Noticed Sojobo
 42077 | Depths:1 | Killed Sojobo
 42188 | Depths:1 | Upgraded the game from 0.24.0-1-gfbc8707122 to
                  | 0.24.0-2-g5b39cebb1c
 42250 | Depths:1 | Received a gift from Okawaru
 42258 | Depths:1 | Got a pearl-encrusted scale mail
 42269 | Depths:1 | Identified the cursed +1 scale mail of Fun and Games {rPois
                  | Int+6} (You found it on level 1 of the Depths)
 42584 | Depths:2 | Received a gift from Okawaru
 42723 | Depths:2 | Received a gift from Okawaru
 42738 | Depths:2 | Got an ivory triple crossbow {god gift}
 42739 | Depths:2 | Identified the +1 triple crossbow of Moral Flaws {elec,
                  | rPois rC- MR+} (Okawaru gifted it to you on level 2 of the
                  | Depths)
 43105 | Depths:2 | Found a one-way gate leading to the halls of Pandemonium.
 43379 | Depths:2 | Found a one-way gate to the infinite horrors of the Abyss.
 43545 | Depths:3 | Received a gift from Okawaru
 43681 | Depths:3 | Reached XP level 23. HP: 177/192 MP: 35/35
 43694 | Depths:3 | Reached skill level 15 in Dodging
 43998 | Depths:3 | Learned a level 2 spell: Passwall
 44074 | Depths:3 | Reached skill level 19 in Fighting
 44077 | Depths:3 | Received a gift from Okawaru
 44488 | Depths:3 | Found the +8 lance "Wyrmbane" {slay drac, rPois rF+ rC+
                  | AC+3}
 44577 | Depths:3 | Got a twisted arbalest
 44625 | Depths:3 | Reached skill level 1 in Polearms
 44832 | Depths:4 | Got a pair of ichor-stained boots
 44833 | Depths:4 | Identified the cursed +0 pair of boots of Bouggy {rElec}
                  | (You found it on level 4 of the Depths)
 44834 | Depths:4 | Identified the cursed +0 arbalest "Diuggejoad" {venom,
                  | rPois Dex+3} (You found it on level 3 of the Depths)
 44851 | Depths:5 | Entered Level 5 of the Depths
 44914 | Depths:5 | Reached skill level 5 in Polearms
 44971 | Depths:5 | Noticed a caustic shrike
 44973 | Depths:5 | Noticed a caustic shrike
 44978 | Depths:5 | Noticed a caustic shrike
 44991 | Depths:4 | Killed a caustic shrike
 45016 | Depths:4 | Received a gift from Okawaru
 45155 | Depths:4 | Noticed Louise
 45178 | Depths:4 | Killed Louise
 45277 | Depths:4 | Reached XP level 24. HP: 201/201 MP: 36/36
 45599 | Depths:4 | Identified the +9 dire flail of the Ghost {holy, MR+ Int+6}
                  | (You found it on level 4 of the Depths)
 45683 | Depths:4 | Noticed a golden dragon
 45691 | Depths:4 | Killed a golden dragon
 45691 | Depths:4 | Received a gift from Okawaru
 45696 | Depths:4 | Identified the +4 shield "Virchic" {+Blink Dex+3} (Okawaru
                  | gifted it to you on level 4 of the Depths)
 45717 | Depths:4 | Killed a caustic shrike
 45717 | Depths:4 | Reached skill level 10 in Polearms
 45943 | Depths:5 | Noticed Xtahua
 45960 | Depths:5 | Killed Xtahua
 46052 | Depths:5 | Found a gate to the Realm of Zot.
 46204 | Depths:5 | Found a gateway to a ziggurat.
 46266 | Depths:5 | Killed a caustic shrike
 46686 | Depths:4 | Voluntarily entered the Abyss.
 46776 | Abyss:1  | Reached skill level 15 in Shields
 46981 | Abyss:1  | Gained mutation: Your body sometimes deteriorates upon
                  | taking damage. [a neqoxec]
 47143 | Abyss:1  | Lost mutation: Your spells are a little harder to cast, but
                  | a little more powerful. [a neqoxec]
 47189 | Abyss:1  | Reached skill level 1 in Necromancy
 47272 | Abyss:1  | Received a gift from Okawaru
 47370 | Abyss:1  | Reached skill level 10 in Spellcasting
 47478 | Abyss:2  | Found a corrupted altar of Lugonu.
 47517 | Abyss:2  | Received a gift from Okawaru
 47517 | Abyss:2  | Reached skill level 1 in Transmutations
 47517 | Abyss:2  | Reached skill level 1 in Earth Magic
 47518 | Abyss:2  | Identified the Collected Works on Hexes
 47526 | Abyss:2  | Identified the Collected Works on Darkness
 47529 | Abyss:2  | Identified the Guide on Cold
 47536 | Abyss:2  | Identified the Collected Works on Augmentations
 47576 | Abyss:2  | Reached XP level 25. HP: 198/207 MP: 37/37
 47585 | Abyss:2  | Identified the Volume of Superiority
 47590 | Abyss:2  | Identified the Tome of Calling
 47593 | Abyss:2  | Identified the Reference Book on Companions
 47610 | Abyss:2  | Identified the Grimoire of Confrontation
 47621 | Abyss:3  | Found a corrupted altar of Lugonu.
 47678 | Abyss:3  | Found a hazy altar of Hepliaklqana.
 47740 | Abyss:3  | Received a gift from Okawaru
 47780 | Abyss:3  | Received a gift from Okawaru
 47857 | Abyss:3  | Got an abyssal rune of Zot
 47866 | Depths:4 | Escaped the Abyss
 48027 | Depths:4 | Reached skill level 5 in Earth Magic
 48371 | Depths:3 | Reached skill level 5 in Transmutations
 48408 | Depths:3 | Found Godwerru's Antique Armour Boutique.
 48411 | Depths:3 | Bought a smoking chain mail for 503 gold pieces
 48411 | Depths:3 | Bought a heavily runed scale mail for 477 gold pieces
 48411 | Depths:3 | Identified the +1 chain mail "Usyxeuphana" {Dex+3} (You
                  | bought it in a shop on level 3 of the Depths)
 48423 | Depths:3 | Identified the +6 scale mail of the Stars {MR++ Int+4 Dex-3
                  | Stlth+} (You bought it in a shop on level 3 of the Depths)
 49284 | Elf:2    | Received a gift from Okawaru
 49752 | Elf:3    | Learned a level 6 spell: Statue Form
 49994 | Elf:3    | Identified the amulet of Qeptaseh {+Rage rElec}
 50019 | Elf:3    | Reached skill level 15 in Armour
 50074 | Elf:3    | Identified the cursed +1 chain mail of the Wumpus {rPois
                  | Regen+ Str+3}
 50093 | Elf:3    | Identified the cursed +0 chain mail of Prudence {rC- rCorr
                  | Str+2}
 50096 | Elf:3    | Received a gift from Okawaru
 50100 | Elf:3    | Identified the +6 mace of Distant Worlds {crush, Str+3}
 50100 | Elf:3    | Identified the +2 robe "Efarulesk" {Str+4}
 50166 | Elf:3    | Identified the Almanac of Creation
 50169 | Elf:3    | Got a blackened arbalest
 50177 | Elf:3    | Identified the +8 arbalest "Xeskoqadu" {velocity, rF- Int+4
                  | SInv} (You found it on level 3 of the Elven Halls)
 50475 | D:10     | Killed Sonja
 50609 | Vaults:1 | Reached XP level 26. HP: 190/216 MP: 38/38
 50698 | Vaults:1 | Noticed Asterion
 50705 | Vaults:1 | Killed Asterion
 50887 | Vaults:1 | Received a gift from Okawaru
 51711 | Vaults:1 | Reached skill level 20 in Fighting
 51842 | Vaults:1 | Received a gift from Okawaru
 52393 | Vaults:2 | Found a staircase to the Crypt.
 53353 | Vaults:2 | Learned a level 6 spell: Freezing Cloud
 54114 | Vaults:3 | Reached XP level 27. HP: 226/226 MP: 38/38
 54117 | Vaults:3 | Found Aloynwul's Book Boutique.
 54376 | Vaults:3 | Noticed Frederick
 54393 | Vaults:3 | Killed Frederick
 54450 | Vaults:3 | Found a shimmering blue altar of Sif Muna.
 55035 | Vaults:3 | Received a gift from Okawaru
 55038 | Vaults:3 | Identified the +6 shadow dragon scales of the Moon {rPois
                  | rCorr Stlth++++} (Okawaru gifted it to you on level 3 of
                  | the Vaults)
 55178 | Crypt:1  | Entered Level 1 of the Crypt
 55394 | Crypt:2  | Reached skill level 1 in Stealth
 55718 | Crypt:3  | Entered Level 3 of the Crypt
 55718 | Crypt:3  | Identified a scroll of acquirement
 55811 | Crypt:3  | Reached skill level 5 in Stealth
 56375 | Crypt:3  | Learned a level 6 spell: Invisibility
 56507 | Crypt:3  | Reached skill level 21 in Fighting
 56522 | Crypt:3  | Learned a level 1 spell: Confusing Touch
 56828 | Crypt:3  | Reached skill level 10 in Hexes
 57062 | Crypt:3  | Received a gift from Okawaru
 57261 | Crypt:3  | Got a slimy amethyst amulet
 57262 | Crypt:3  | Identified the amulet of Jas Ifab {RegenMP *Contam rElec
                  | Dex+5} (You found it on level 3 of the Crypt)
 57266 | Crypt:3  | Identified Ereshkigal's Volume of Dark Rituals
 57309 | Crypt:3  | Found a staircase to the Tomb.
 58013 | Crypt:1  | Identified the +0 buckler of Honour {rElec} (You found it
                  | on level 1 of the Crypt)
 58181 | Crypt:1  | Reached skill level 10 in Stealth
 58366 | Crypt:1  | Received a gift from Okawaru
 58723 | D:15     | Killed Kirke
 59116 | Zot:1    | Entered Level 1 of the Realm of Zot
 59489 | Zot:1    | Found the +8 orange crystal plate armour {Archmagi, Int+3
                  | Clar}
 60275 | Zot:2    | Noticed an orb of fire
 60288 | Zot:2    | Gained mutation: Armour fits poorly on your strangely
                  | shaped body. [an orb of fire]
 60297 | Zot:2    | Gained mutation: Your spells are a little easier to cast,
                  | but a little less powerful. [an orb of fire]
 60300 | Zot:2    | Killed an orb of fire
 60355 | Zot:2    | Received a gift from Okawaru
 60726 | Zot:2    | Learned a level 5 spell: Silence
 60733 | Zot:2    | Learned a level 6 spell: Darkness
 61508 | Zot:2    | Got a warped granite ring
 61509 | Zot:2    | Identified the ring of Liberty {Int+4 Stlth-} (You found it
                  | on level 2 of the Realm of Zot)
 62056 | Zot:3    | Received a gift from Okawaru
 62094 | Zot:3    | Got a pair of fine gloves
 62095 | Zot:3    | Identified the +1 pair of gloves "Myus Ynele" {+Fly rPois
                  | Str+5} (You found it on level 3 of the Realm of Zot)
 62604 | Zot:3    | Identified the cursed +0 ring mail "Jefucirgh" {Str+4} (You
                  | found it on level 3 of the Realm of Zot)
 62692 | Zot:3    | Found a huge runed gate.
 62692 | Zot:3    | Found a huge runed gate.
 62692 | Zot:3    | Found a huge runed gate.
 62692 | Zot:3    | Found a huge runed gate.
 62697 | Zot:3    | Found a huge runed gate.
 62698 | Zot:3    | Found a huge runed gate.
 62699 | Zot:3    | Found a huge runed gate.
 62699 | Zot:3    | Found a huge runed gate.
 62700 | Zot:3    | Found a huge runed gate.
 62701 | Zot:3    | Found a huge runed gate.
 62702 | Zot:3    | Found a huge runed gate.
 62737 | Zot:3    | Found a huge runed gate.
 62737 | Zot:3    | Found a huge runed gate.
 62738 | Zot:3    | Found a huge runed gate.
 62798 | Zot:3    | Reached skill level 15 in Stealth
 62798 | Zot:3    | Reached skill level 15 in Hexes
 63040 | Zot:3    | Found a huge runed gate.
 63040 | Zot:3    | Found a huge runed gate.
 63040 | Zot:3    | Found a huge runed gate.
 63040 | Zot:3    | Found a huge runed gate.
 63040 | Zot:3    | Found a huge runed gate.
 63056 | Zot:3    | Reached skill level 22 in Fighting
 63367 | Zot:3    | Found a huge runed gate.
 63367 | Zot:3    | Found a huge runed gate.
 63367 | Zot:3    | Found a huge runed gate.
 63367 | Zot:3    | Found a huge runed gate.
 63538 | Zot:5    | Entered Level 5 of the Realm of Zot
 63634 | Zot:3    | Received a gift from Okawaru
 63649 | Zot:3    | Got a pair of bloodstained boots {god gift}
 63650 | Zot:3    | Identified the +0 pair of boots "Qialoph" {rC+ MR+ rCorr}
                  | (Okawaru gifted it to you on level 3 of the Realm of Zot)
 63691 | Zot:3    | Lost mutation: Armour fits poorly on your strangely shaped
                  | body. [potion of mutation]
 63691 | Zot:3    | Lost mutation: You possess an exceptional clarity of mind.
                  | [potion of mutation]
 63691 | Zot:3    | Gained mutation: You are partially covered in molten
                  | scales. (AC +2) [potion of mutation]
 63691 | Zot:3    | Gained mutation: Your natural rate of healing is unusually
                  | fast. [potion of mutation]
 64195 | Snake:1  | Killed Mandevil's ghost
 64514 | Lair:5   | Killed Qeimiotua's ghost
 64648 | Lair:3   | Killed floatboth's ghost
 64777 | Slime:1  | Entered Level 1 of the Pits of Slime
 64804 | Slime:1  | Reached skill level 1 in Air Magic
 65008 | Slime:2  | Gained mutation: You are weak. (Str -2) [a shining eye]
 65012 | Slime:2  | Gained mutation: You are clumsy. (Dex -2) [a shining eye]
 65053 | Slime:2  | Reached skill level 15 in Spellcasting
 65075 | Slime:3  | Reached skill level 10 in Earth Magic
 65153 | Slime:4  | Learned a level 6 spell: Iron Shot
 65161 | Slime:5  | Entered Level 5 of the Pits of Slime
 65483 | Slime:5  | Gained mutation: You are very clumsy. (Dex -4) [a shining
                  | eye]
 65484 | Slime:5  | Gained mutation: Your magical capacity is low. (-10% MP) [a
                  | shining eye]
 65486 | Slime:5  | Gained mutation: Your body often deteriorates upon taking
                  | damage. [a shining eye]
 65541 | Slime:5  | Noticed the Royal Jelly
 66046 | Slime:5  | Reached skill level 10 in Transmutations
 66183 | Slime:5  | Found a viscous altar of Jiyva.
 66185 | Slime:5  | Found the amulet of the Air {Inacc +Fly rElec EV+5 RMsl}
 66838 | Slime:4  | Lost mutation: Your magical capacity is low. (-10% MP)
                  | [potion of mutation]
 66838 | Slime:4  | Lost mutation: You are weak. (Str -2) [potion of mutation]
 66838 | Slime:4  | Lost mutation: You are very clumsy. (Dex -4) [potion of
                  | mutation]
 66838 | Slime:4  | Gained mutation: Your spells are easier to cast, but less
                  | powerful. [potion of mutation]
 66838 | Slime:4  | Lost mutation: You are clumsy. (Dex -2) [potion of
                  | mutation]
 66838 | Slime:4  | Gained mutation: You have sharp toenails. [potion of
                  | mutation]
 66927 | Slime:4  | Learned a level 5 spell: Borgnjor's Vile Clutch
 66939 | Slime:4  | You fall into a shaft and drop 1 floor!
 67032 | Slime:4  | You fall into a shaft and drop 1 floor!
 67775 | Vaults:4 | Noticed Margery
 67784 | Vaults:4 | Killed Margery
 68640 | Vaults:5 | Entered Level 5 of the Vaults
 68646 | Vaults:5 | Found the +4 moon troll leather armour {Spirit, Regen++
                  | MP+5}
 68785 | Vaults:5 | Received a gift from Okawaru
 68813 | Vaults:5 | Got a polished cloak {god gift}
 68814 | Vaults:5 | Identified the +0 cloak "Pudacsoibu" {rPois rF+} (Okawaru
                  | gifted it to you on level 5 of the Vaults)
 69313 | Vaults:5 | Identified the ring of the Thoughtful Demons {rElec rF+
                  | Str+3 Dex+3} (You found it on level 5 of the Vaults)
 69839 | Vaults:5 | Noticed an ancient lich
 69860 | Vaults:5 | Killed an ancient lich
 69860 | Vaults:5 | Received a gift from Okawaru
 70277 | Vaults:5 | Received a gift from Okawaru
 70314 | Vaults:5 | Found the amulet of Vitality {Regen+ HP+15}
 70322 | Vaults:5 | Identified the amulet "Apsoupuq" {Faith *Slow Str+8 Int+2
                  | SInv} (You found it on level 5 of the Vaults)
 70471 | Vaults:5 | Identified the Collected Works on Transmutation and
                  | Translocation
 70488 | Vaults:5 | Got a silver rune of Zot
 70938 | Zig:1    | Entered Level 1 of a ziggurat
 70967 | Zig:2    | Entered Level 2 of a ziggurat
 70996 | Zig:2    | Reached skill level 23 in Fighting
 71019 | Zig:3    | Entered Level 3 of a ziggurat
 71146 | Zig:3    | Identified Bahun's Papyrus of Quantum Envenoming
 71155 | Zig:3    | Learned a level 5 spell: Summon Forest
 71264 | Zig:4    | Entered Level 4 of a ziggurat
 71314 | Zig:5    | Entered Level 5 of a ziggurat
 71352 | Zig:5    | Identified the Papyrus of Feathery Conjuration
 71355 | Zig:5    | Identified the Reference Book on Toxins and Changing
 71492 | Zig:6    | Entered Level 6 of a ziggurat
 71528 | Zig:6    | Identified the +9 broad axe of Xiozel {venom, MR++} (You
                  | found it on level 6 of a ziggurat)
 71650 | Zig:7    | Entered Level 7 of a ziggurat
 71658 | Zig:7    | Noticed Boklaafa the pandemonium lord
 71667 | Zig:7    | HP: 11/235 [Executioner (6)]
 71680 | Zig:7    | Received a gift from Okawaru
 71689 | Depths:5 | HP: 11/235 [Executioner (5)]
 71690 | Depths:5 | HP: 5/235 [Boklaafa the pandemonium lord (14)]
 71690 | Depths:5 | Slain by an Executioner

Levels and vault maps discovered:
D:1:      enne_arrival_octagon_isle, layout_loops_corners
D:2:      layout_basic, lemuel_blue_sif_altar
D:3:      kennysheep_goblin_castle, layout_loops_ring,
          nicolae_overflow_crystal_walls, gammafunk_ghost_stat_death
D:4:      layout_gridville
D:5:      layout_rooms, minmay_temple_entry_antechambers, gup_sewer_entry_glass,
          first_ration, serial_shops, kennysheep_mini_moat, basic_altar,
          grunt_dithmenos_smoke, uniq_grinder
D:6:      layout_gridville
D:7:      layout_rooms, serial_shops, shop, nicolae_shop_waterfront,
          chequers_serial_rivers_small_a
D:8:      layout_cave_pools, dpeg_oklobed_lair, enter_ossuary_4, david_nohive_1,
          minmay_microvault, uniq_prince_ribbit1
D:9:      layout_rooms, david_orc_3
D:10:     layout_stronghold, uniq_sonja
D:11:     layout_cave_pods, uniq_urug
D:12:     layout_stronghold, serial_shops, nicolae_shop_crystal, uniq_nessos
D:13:     layout_cave_pools, special_room [special_room_orc], uniq_erolcha
D:14:     layout_stronghold, grunt_vaults_entry_tiered, abandoned_shop,
          uniq_agnes
D:15:     grunt_enter_depths_magical_seal, layout_cave_pools,
          minmay_misc_feat_roman, serial_shops,
          nicolae_shop_competitors_out_of_business, uniq_kirke, uniq_azrael
Temple:   regret_index_temple_chain_breaker
Lair:1:   layout_cave_shapes, beast_lair_carwin_7
Lair:2:   layout_cave_pods, guppyfry_snake_entry_island, uniq_gastronok
Lair:3:   minmay_lair_oklob_tunnel, layout_misc_corridors,
          ebering_ghost_funeral_grove, basic_altar, infiniplex_staircase_pool
Lair:4:   layout_cave_pods, shoals_dummy_entry, minivault_24,
          eino_house_with_fridge
Lair:5:   layout_long_grid, slime_altar_1, gammafunk_ghost_hive,
          serial_bayou_pond_b, grunt_megastairs_1
Lair:6:   grunt_lair_end_beastmaster, layout_misc_corridors,
          gauntlet_entry_generic, grunt_megastairs_4
Shoals:1: layout_shoals
Shoals:2: layout_shoals
Shoals:3: layout_shoals, uniq_polyphemus
Shoals:4: shoals_end_grunt_ice, layout_shoals, ebering_ghost_reflecting_pool
Snake:1:  layout_onion, gammafunk_ghost_arena, nicolae_snake_lava_pool
Snake:2:  layout_cave_town, basic_altar
Snake:3:  kennysheep_six_static_rooms, layout_cave_town
Snake:4:  grunt_snake_rune_serpentine_throne, layout_cave_town,
          grunt_ministairs_13, st_stairs_3, uniq_aizul, uniq_vashnia,
          uniq_donald
Slime:1:  layout_caves, basic_altar
Slime:2:  layout_caves
Slime:3:  layout_caves
Slime:4:  layout_caves
Slime:5
Orc:1:    layout_diamond_mine, special_room [special_room_bee], basic_altar,
          serial_shops, shop, roderic_batcave
Orc:2:    grunt_orc_cross, layout_caves, mines1_david
Elf:1:    elf_arrival_002, layout_loops_cross, serial_aquarium,
          aquarium_bridge_square [aquarium_subvault_bridge,
          aquarium_subvault_balcony, aquarium_subvault_window,
          aquarium_subvault_bridge], aquarium_bridge_straight
          [aquarium_subvault_bridge, aquarium_subvault_wall,
          aquarium_subvault_bridge, aquarium_subvault_wall], aquarium_window_2,
          aquarium_window_fake, aquarium_view_2f, aquarium_pool_1, minivault_28
Elf:2:    layout_geoelf_grid, st_stairs_12, lemuel_flamethrower_2,
          minmay_shop_grove
Elf:3:    minmay_elf_hall_statues, layout_geoelf_castle,
          statue_in_the_mist_lemuel
Vaults:1: vaults_room_stairs_pillars, vaults_dpeg_cross, v_misc_22,
          vaults_dpeg_ring, nicolae_vaults_little_squares_5, v_misc_24,
          nicolae_vaults_puzzle_piece, hangedman_vaults_corner,
          vaults_room_glass_cross, nicolae_vaults_border_crossing,
          dpeg_vaults_monster_box, layout_vaults_chaotic_city, uniq_asterion
Vaults:2: nicolae_vaults_little_squares_3, v_alt_pattern_5, v_alt_pattern_3,
          vaults_dpeg_diagonal, minmay_crypt_entry_simple_statues,
          nicolae_vaults_network_square, nicolae_vaults_network_quincunx
          [nicolae_vaults_network_quincunx_subvault,
          nicolae_vaults_network_quincunx_subvault,
          nicolae_vaults_network_quincunx_subvault,
          nicolae_vaults_network_quincunx_subvault,
          nicolae_vaults_network_quincunx_subvault], vaults_mumra_hex,
          nicolae_vaults_little_squares_3, ontoclasm_vaults_chip,
          ontoclasm_vaults_shuriken, ontoclasm_vaults_gateway,
          layout_vaults_omnicross
Vaults:3: v_misc_13, vaults_mumra_chevron_long, special_room_vaults
          [special_room_orc], v_rooms_3, ontoclasm_vaults_misaligned,
          nicolae_vaults_sealed_display, vaults_room_octagon,
          vaults_room_hallway, grunt_vaults_diagonal,
          nicolae_vaults_three_branches, ontoclasm_vaults_ring_square,
          grunt_vaults_funnel, nicolae_vaults_big_ls, layout_vaults_omnibox,
          basic_altar, serial_shops, nicolae_shop_stone, uniq_frederick
Vaults:4: v_misc_30, ontoclasm_vaults_claustrophobia, nicolae_vaults_network_s,
          vaults_mumra_hexcomb, vaults_room_semicircle, serial_ice_b,
          layout_vaults_omnigrid, uniq_margery
Vaults:5: serial_shops
Crypt:1:  layout_regular_city
Crypt:2:  layout_regular_city, grunt_ministairs_2, grunt_megastairs_3
Crypt:3:  david_glass_crypt, layout_chaotic_city, tomb_entry_moat_badplayer,
          due_unseen_surprise
Depths:1: layout_gridlike, mu_enter_wizlab_2, grunt_hell_entry_demonic_statue,
          serial_bayou_lagoon_a, lightli_fourway_metalbox, uniq_sojobo,
          uniq_enchantress, uniq_bai_suzhen
Depths:2: hangedman_cross_stitches, layout_gridlike, grunt_pan_entry_zigzag,
          hell_entry, abyss_entry, grunt_megastairs_5
Depths:3: minmay_the_grid_octo_triangle [minmay_the_grid_octo_teeth,
          minmay_the_grid_octo_prize_square_snowflake,
          minmay_the_grid_octo_empty], layout_gridlike, abyss_entry,
          hangedman_coc_ice_floe, rand_demon_pan_entry_1, serial_shops,
          nicolae_shop_behind_doors, hangedman_abyss_or_decor_stagger,
          st_stairs_7, minmay_staircase_bubble
Depths:4: kennysheep_room_grid, layout_basic, grunt_hell_entry_dis_grunt,
          hangedman_decor_diamond_cutter,
          nicolae_abyss_entry_one_way_or_another, corexii_hall_statues_u
Depths:5: grunt_zot_entry_tricorne, layout_basic, enter_ziggurat_d,
          minmay_splitting_lines, hell_entry, serial_glass, glass_columns_c,
          glass_columns_a, uniq_xtahua
Zot:1:    kennysheep_blocky_hall, layout_onion_interference
Zot:2:    grunt_deathspiral_small, layout_onion_interference,
          st_single_dragon_hoard_4, st_stairs_4, grunt_ministairs_3
Zot:3:    layout_gridlike, door_vault
Zot:4:    layout_onion
Zot:5:    layout_basic, st_stairs_3, hangedman_zot_decor_unnerving_road

Skill      XL: |  1  2  3  4  5  6  7  8  9 10 11 12 13 14 15 16 17 18 19 20 21 22 23 24 25 26 27 |
---------------+----------------------------------------------------------------------------------+-----
Hexes          | 4 6 9 16 | 16.1
Fighting       | 2 3 4 6 8 9 10 11 12 13 14 15 16 17 18 19 20 23 | 23.1
Maces & Flails | 1 2 3 4 5 7 8 9 10 12 14 | 14.6
Crossbows      | 3 |  3.7
Armour         | 1 2 3 4 6 7 9 10 11 12 13 14 15 16 18 | 18.3
Invocations    | 3 7 11 13 14 15 17 | 17.0
Shields        | 4 5 9 10 12 15 | 15.4
Dodging        | 3 5 7 9 11 12 13 14 15 16 17 | 17.9
Axes           | 4 |  4.4
Staves         | 10 11 | 11.2
Charms         | 3 6 7 |  7.3
Spellcasting   | 2 6 8 9 10 11 15 | 15.4
Polearms       | 8 10 | 10.7
Necromancy     | 2 |  2.6
Transmutations | 1 6 7 11 | 11.1
Earth Magic    | 1 7 8 12 | 12.0
Stealth        | 19 | 19.3
Air Magic      | 1 |  1.7
Conjurations   | |  0.4
Ice Magic      | |  0.4

Action                   |  1- 3 |  4- 6 |  7- 9 | 10-12 | 13-15 | 16-18 | 19-21 | 22-24 | 25-27 || total
-------------------------+-------+-------+-------+-------+-------+-------+-------+-------+-------++-------
Melee: Morningstar       |       |   164 |   319 |   570 |   490 |       |       |       |       ||  1543
       Unarmed           |       |     4 |       |       |    23 |       |       |       |       ||    27
       Punch             |       |       |     1 |       |       |       |       |       |       ||     1
       Lajatang          |       |       |       |       |   390 |   738 |       |       |   786 ||  1914
       Dire flail        |       |       |       |       |       |   655 |  1750 |  1624 |  2951 ||  6980
       Lance             |       |       |       |       |       |       |       |   187 |   459 ||   646
 Fire: Hand crossbow     |    93 |    24 |       |     6 |       |       |       |       |       ||   123
Throw: Dart              |       |    27 |    21 |     5 |     2 |       |       |       |       ||    55
 Cast: Spectral Weapon   |       |       |       |       |       |       |     1 |     8 |    54 ||    63
       Regeneration      |       |       |       |       |       |       |     1 |     2 |    35 ||    38
       Invisibility      |       |       |       |       |       |       |       |       |    16 ||    16
       Silence           |       |       |       |       |       |       |       |       |     3 ||     3
       Iron Shot         |       |       |       |       |       |       |       |       |     2 ||     2
       Statue Form       |       |       |       |       |       |       |       |       |     1 ||     1
       Confusing Touch   |       |       |       |       |       |       |       |       |     1 ||     1
       Darkness          |       |       |       |       |       |       |       |       |     1 ||     1
Invok: Heroism           |       |       |     4 |    29 |    38 |    30 |    29 |    17 |    47 ||   194
       Finesse           |       |       |       |       |     5 |     8 |    10 |     5 |    24 ||    52
 Abil: Shaft Self        |       |     2 |       |       |     2 |       |       |       |     2 ||     6
       Dig               |       |     2 |     1 |    13 |    15 |    16 |    25 |     8 |    19 ||    99
Evoke: Wand              |       |     2 |    13 |     9 |     8 |     2 |       |     1 |     9 ||    44
       Lamp of fire      |       |       |       |       |     3 |     1 |     1 |     3 |     8 ||    16
       Phantom mirror    |       |       |       |       |       |       |       |     1 |       ||     1
  Use: Scroll            |     4 |     6 |     8 |    11 |    20 |    11 |    16 |    11 |    43 ||   130
       Potion            |     1 |     1 |     3 |     5 |    12 |     9 |     4 |     3 |    33 ||    71
 Stab: Confused          |       |       |       |       |     4 |       |       |       |       ||     4
       Petrified         |       |       |       |       |     5 |       |       |       |       ||     5
       Distracted        |       |       |       |       |       |     2 |       |     2 |    15 ||    19
       Sleeping          |       |       |       |       |       |       |       |       |    46 ||    46
       Invisible         |       |       |       |       |       |       |       |       |    24 ||    24
  Eat: Ration            |     1 |     1 |     1 |     5 |     7 |     7 |    10 |     3 |    22 ||    57
       Chunk             |       |     4 |     5 |    10 |     7 |     8 |     6 |     7 |    17 ||    64
Armor: Robe              |     1 |       |       |       |       |       |       |       |       ||     1
       Plate armour      |    26 |   188 |   275 |   152 |       |       |       |       |       ||   641
       Skin              |       |     1 |    12 |       |       |       |       |       |     5 ||    18
       Ring mail         |       |       |       |    61 |       |       |       |       |       ||    61
       Leather armour    |       |       |       |    16 |    82 |       |       |       |       ||    98
       Chain mail        |       |       |       |       |    22 |   168 |       |       |       ||   190
       Scale mail        |       |       |       |       |       |    39 |   186 |   222 |   157 ||   604
       Shadow dragon sca |       |       |       |       |       |       |       |       |   681 ||   681
Dodge: Dodged            |    10 |    79 |   120 |   371 |   312 |   380 |   699 |   739 |  1440 ||  4150
Block: Buckler           |       |       |       |    98 |       |       |       |       |       ||    98
       Shield            |       |       |       |    19 |   479 |   720 |   985 |  1067 |  2370 ||  5640
       Large shield      |       |       |       |       |       |       |       |       |   180 ||   180
       Reflection        |       |       |       |       |       |       |       |       |     3 ||     3
